 Dungeon Crawl Stone Soup version 0.19.1 (webtiles) character file.

78 Peloso the Skirmisher (level 4, -7/35 HPs)
             Began as a Demonspawn Fighter on Dec 18, 2016.
             Killed from afar by Ijyb (9 damage)
             ... with a wand of flame
             ... on level 2 of the Dungeon.
             The game lasted 00:03:34 (1386 turns).

Peloso the Skirmisher (Demonspawn Fighter)          Turns: 1386, Time: 00:03:35

Health: -7/35      AC:  8    Str: 27    XL:     4   Next: 15%
Magic:  4/4        EV:  8    Int:  9    God:
Gold:   142        SH: 10    Dex: 13    Spells: 0 memorised, 3 levels left

rFire  . . .     SeeInvis .     a - +0 long sword
rCold  . . .     Gourm    .     b - +0 scale mail
rNeg   . . .     Faith    .     c - +0 shield
rPois  .         Spirit   .     (no helmet)
rElec  .         Reflect  .     (no cloak)
rCorr  .         Harm     .     (no gloves)
MR     .....     Rnd*Tele +     (no boots)
Stlth  ..........               (no amulet)
                                q - +5 ring of strength
                                m - ring of teleportation (curse)

@: mighty
A: claws 1, thin metallic scales 1
a: no special abilities


You were on level 2 of the Dungeon.
You were not hungry.

You visited 1 branch of the dungeon, and saw 2 of its levels.

You collected 142 gold pieces.

Inventory:

Hand Weapons
 a - a +0 long sword (weapon)
Armour
 b - a +0 scale mail (worn)
 c - a +0 shield (worn)
Jewellery
 m - a cursed ring of teleportation (left claw)
 p - an uncursed ring of stealth
 q - a +5 ring of strength (right claw)
 s - an uncursed ring of wizardry
Scrolls
 e - 7 scrolls of identify {unknown}
 g - a scroll of enchant weapon {unknown}
 i - a scroll of noise {unknown}
 k - 3 scrolls of remove curse {unknown}
 u - a scroll of random uselessness {unknown}
Potions
 j - 2 potions of heal wounds {unknown}
 l - a potion of haste {unknown}
 n - a potion of ambrosia {unknown}
 o - a potion of lignification {unknown}
 r - 2 potions of flight {unknown}
 t - a potion of agility {unknown}
Comestibles
 f - a bread ration
 h - 2 meat rations
 v - a chunk of flesh


   Skills:
 + Level 3.2 Fighting
 + Level 2.9 Long Blades
 + Level 3.1 Armour
 + Level 0.5 Dodging
 + Level 3.2 Shields


You had 3 spell levels left.
You didn't know any spells.

Dungeon Overview and Level Annotations

Branches:
Dungeon (2/15)

Altars:
Okawaru

Annotations:
D:2 Ijyb


Innate Abilities, Weirdness & Mutations

You have sharp fingernails.
You are partially covered in thin metallic scales. (AC +2)


Message History

You hear a zap.
A puff of flame appears from out of thin air!
You block the puff of flame. The leopard gecko bites you.
* * * LOW HITPOINT WARNING * * *
You barely miss something.
You hear a zap.
A puff of flame appears from out of thin air!
The puff of flame hits you!
* * * LOW HITPOINT WARNING * * *
You block the leopard gecko's attack. You block something's attack.
The leopard gecko barely misses you.
You riposte.
Your shield and scale mail prevent you from hitting the leopard gecko.
Ijyb appears from thin air!
Reactivating autopickup.
The leopard gecko barely misses you.
You closely miss Ijyb.
Ijyb is lightly wounded.
The leopard gecko barely misses you.
Ijyb zaps a wand.
The puff of flame hits you!
You die...

# ######### # ..=.$...# #
.(......#
#......#.........#
#......#.........#
#......#.......lg#
#...............@#
#......#.........#
#......#.........#
#......#.........#
................>#
####.##<###.####.###
####.##†# #.##.....######
.....##.###.##.#........#
.(##.##.....##.#...####.#


You could see Ijyb and a leopard gecko.

Vanquished Creatures
  3 adders (D:2)
  A worm (D:2)
  2 leopard geckos (D:2)
  2 ball pythons
  3 giant cockroaches
  5 goblins
  2 hobgoblins
  7 kobolds
  9 bats
  8 frilled lizards
  6 rats
48 creatures vanquished.

Notes
Turn   | Place    | Note
-------+----------+-------------------------------------------
     0 | D:1      | Peloso the Demonspawn Fighter began the quest for the Orb.
     0 | D:1      | Reached XP level 1. HP: 18/18 MP: 1/1
   174 | D:1      | Gained mutation: You are partially covered in thin metallic scales. (AC +2) [demonic ancestry]
   174 | D:1      | Reached XP level 2. HP: 24/24 MP: 2/2
   720 | D:2      | Gained mutation: You have sharp fingernails. [demonic ancestry]
   720 | D:2      | Reached XP level 3. HP: 22/29 MP: 3/3
   945 | D:2      | Found an iron altar of Okawaru.
  1153 | D:2      | Reached XP level 4. HP: 27/35 MP: 4/4
  1367 | D:2      | Noticed Ijyb
  1386 | D:2      | Killed from afar by Ijyb

Skill      XL: |  1  2  3 |
---------------+----------+-----
Long Blades    | 2 |  2.9
Shields        | 3 |  3.2
Armour         | 3 |  3.1
Fighting       | |  3.2
Dodging        | |  0.5

Action                   |  1- 3 |  4- 6 || total
-------------------------+-------+-------++-------
Melee: Long sword        |   150 |    29 ||   179
  Use: Potion            |       |     1 ||     1
  Eat: Chunk             |     1 |     1 ||     2
Armor: Scale mail        |    86 |    26 ||   112
Dodge: Dodged            |    55 |    16 ||    71
Block: Shield            |    85 |    21 ||   106
       Rpst.: Long sword |    23 |     9 ||    32
